 Seeded DCSS version 0.29-a0-393-g47a863cc1b (webtiles) character file.

Game seed: 13605594255664981076 (custom seed)

952 thiscave3701365 the Cleaver (level 7, -10/88 HPs)
             Began as a Minotaur Berserker on May 9, 2022.
             Was a Follower of Trog.
             Mangled by an ogre
             ... wielding a +0 giant spiked club
              (15 damage)
             ... on level 5 of the Dungeon.
             The game lasted 00:04:59 (8037 turns).

thiscave3701365 the Cleaver (Minotaur Berserker)    Turns: 8037, Time: 00:04:59

Health: -10/88     AC:  9    Str: 23    XL:     7   Next: 90%
Magic:  6/6        EV:  8    Int:  4    God:    Trog [*.....]
Gold:   203        SH:  0    Dex: 10    Spells: 6/6 levels left

rFire   . . .      SeeInvis .   a - +0 hand axe
rCold   . . .      Faith    .   (no shield)
rNeg    . . .      Spirit   .   o - +1 chain mail {rPois}
rPois   +          Reflect  .   (helmet restricted)
rElec   .          Harm     .   (no cloak)
rCorr   .          Rampage  .   (no gloves)
Will    .....                   (no boots)
Stlth   ..........              (no amulet)
HPRegen 0.24/turn               (no ring)
MPRegen 0.10/turn               (no ring)

@: berserking, very quick
A: horns 2, retaliatory headbutt
a: Renounce Religion, Berserk


You were on level 5 of the Dungeon.
You worshipped Trog.
Trog was aware of your devotion.
You visited 1 branch of the dungeon, and saw 5 of its levels.

You collected 203 gold pieces.

Inventory:

Hand Weapons
 a - a +0 hand axe (weapon)
Armour
 b - a +0 animal skin
 o - a +1 chain mail of poison resistance (worn)
Jewellery
 r - a ring of protection from cold
Wands
 t - a wand of digging (3)
 u - a wand of charming (10)
Scrolls
 d - a scroll of immolation {unknown}
 e - 6 scrolls of identify {unknown}
 g - a scroll of blinking {unknown}
 h - 2 scrolls of fog {unknown}
 i - 2 scrolls of vulnerability {unknown}
 l - 2 scrolls of poison {unknown}
 p - a scroll of torment {unknown}
 q - a scroll of teleportation {unknown}
 w - a scroll of fear {unknown}
Potions
 c - a potion of brilliance {unknown}
 f - 2 potions of haste {unknown}
 j - a potion of magic {unknown}
 k - a potion of flight {unknown}
 m - a potion of might {unknown}
 n - a potion of ambrosia {unknown}
 s - a potion of heal wounds {unknown}
 v - a potion of mutation {unknown}


   Skills:
 - Level 4.0 Fighting
 + Level 11.2 Axes
 - Level 2.5 Armour
 - Level 2.3 Dodging


You had 6 spell levels left.
You didn't know any spells.
Your spell library was empty.

Dungeon Overview and Level Annotations

Branches:
Dungeon (5/15)             Temple (0/1) D:4

Altars:
Cheibriados
Gozag
Makhleb
Nemelex Xobeh
Okawaru
Uskayaw


Innate Abilities, Weirdness & Mutations

You have a pair of horns on your head.
You reflexively headbutt those who attack you in melee.


Message History

You start waiting.
Done waiting.
You see here a +0 giant club.
w - a scroll labelled XYRUTUPSUPO You start waiting.
Done waiting.
Found a scale mail.
An ogre comes into view. It is wielding a +0 giant spiked club.
The ogre shouts!
An ogre is nearby!
An ogre is nearby!
An ogre is nearby!
An ogre is nearby!
An ogre is nearby!
An ogre is nearby!
The ogre hits you with a +0 giant spiked club!!
You barely miss the ogre. Your headbutt misses the ogre.
A red film seems to cover your vision as you go berserk!
You feel yourself moving faster!
You feel mighty!
The ogre hits you with a +0 giant spiked club!!
* * * LOW HITPOINT WARNING * * *
You are too injured to fight recklessly!
Unknown command.
You are too injured to fight recklessly!
You are too injured to fight recklessly!
Unknown command.
You are too injured to fight recklessly!
Okay, then.
You hit the ogre.
The ogre is moderately wounded.
The ogre hits you with a +0 giant spiked club!!
* * * LOW HITPOINT WARNING * * *
You barely miss the ogre.
The ogre is moderately wounded.
You barely miss the ogre. You headbutt the ogre!
The ogre is heavily wounded.
You slash the ogre!
The ogre is almost dead.
The ogre hits you with a +0 giant spiked club!
You die...

#. #... #. #...
######### #. #...
#......... #.
#...##.......... #.
#.......... ...######
#........## #....###
#.........# ###.......
#...O@....# ..........
######....#.######....
#.[..#.......)###
########....#..####..###
............+...........
########....##+#.....###
##..........#...##
..................##
..............#...##


You could see an ogre.

Vanquished Creatures
  An ice beast (D:5)
  A black bear (D:5)
  2 ogres
  A phantom (D:5)
  A hound (D:5)
  2 orc priests (D:4)
  A gnoll shaman (D:5)
  An iguana (D:3)
  4 orc wizards
  12 gnolls
  6 adders
  An ufetubus (D:4)
  23 orcs
  4 endoplasms
  3 giant cockroaches
  8 goblins
  4 hobgoblins
  3 jackals (D:1)
  A quokka (D:4)
  10 ball pythons
  A bat (D:3)
  3 frilled lizards
  5 kobolds
  7 rats
105 creatures vanquished.

Notes
Turn   | Place    | Note
-------+----------+-------------------------------------------
     0 | D:1      | thiscave3701365 the Minotaur Berserker began the quest for
                  | the Orb.
     0 | D:1      | Reached XP level 1. HP: 19/19 MP: 0/0
   361 | D:1      | Found a faded altar of an unknown god.
   378 | D:1      | Reached skill level 4 in Axes
   421 | D:1      | Reached XP level 2. HP: 26/27 MP: 1/1
  1377 | D:2      | Reached XP level 3. HP: 26/33 MP: 2/2
  1567 | D:2      | Reached skill level 5 in Axes
  1571 | D:2      | Reached XP level 4. HP: 15/40 MP: 3/3
  1648 | D:2      | Reached ** piety under Trog
  2286 | D:2      | Reached skill level 6 in Axes
  3157 | D:3      | Reached XP level 5. HP: 46/46 MP: 4/4
  3414 | D:3      | Found a burning altar of Makhleb.
  3414 | D:3      | Found a hide-covered altar of Uskayaw.
  4276 | D:4      | Noticed an ogre
  4280 | D:4      | Killed an ogre
  4281 | D:4      | Reached skill level 7 in Axes
  4457 | D:4      | Found a staircase to the Ecumenical Temple.
  4612 | D:4      | Reached XP level 6. HP: 52/52 MP: 5/5
  4619 | D:4      | Reached skill level 8 in Axes
  5528 | D:4      | Found a snail-covered altar of Cheibriados.
  5671 | D:4      | Found an iron altar of Okawaru.
  5986 | D:4      | Found an opulent altar of Gozag.
  5986 | D:4      | Found a sparkling altar of Nemelex Xobeh.
  6280 | D:5      | Entered Level 5 of the Dungeon
  6318 | D:5      | Reached skill level 9 in Axes
  6481 | D:5      | Reached XP level 7. HP: 59/59 MP: 6/6
  7182 | D:5      | Reached skill level 10 in Axes
  7593 | D:5      | Reached skill level 11 in Axes
  8034 | D:5      | HP: 4/88 [ogre/+0 giant spiked club (20)]
  8037 | D:5      | Mangled by an ogre

Illustrated notes

Levels and vault maps discovered:
D:1:      wander_arrival_lonely_grave, layout_basic,
          ebering_ecumenical_altar_rust
D:2:      layout_basic, minmay_misc_feat_tower, grunt_decor_mini_mirrors
D:3:      layout_basic, mainiacjoe_overflow_divided_tiny
D:4:      layout_loops_ring, grunt_temple_overflow_opulence,
          general_overflow_altar, mainiacjoe_overflow_24_doors, temple_doors_ab
D:5:      layout_basic, mainiacjoe_overflow_paths

Skill      XL: |  1  2  3  4  5  6  7 |
---------------+----------------------+-----
Axes           | 4 5 6 7 9 11 | 11.2
Fighting       | 4 |  4.0
Armour         | |  2.5
Dodging        | |  2.3

Action                   |  1- 3 |  4- 6 |  7- 9 || total
-------------------------+-------+-------+-------++-------
Melee: Hand axe          |    55 |   137 |    57 ||   249
       Headbutt          |     7 |    19 |    13 ||    39
       Punch             |     1 |     1 |     1 ||     3
Invok: Berserk           |     2 |    11 |     5 ||    18
 Stab: Sleeping          |     1 |       |       ||     1
Armor: Animal skin       |     8 |     2 |       ||    10
       Chain mail        |       |    48 |    20 ||    68
Dodge: Dodged            |    38 |    46 |    17 ||   101

Table legend: (Time is in decaauts)
 A = Elapsed time spent in this place.
 B = Non-inter-level travel time spent in this place.
 C = Inter-level travel time spent in this place.
 D = Time resting spent in this place.
 E = Time spent auto-exploring this place.
 F = Levels seen in this place.
 G = Mean time per level.
                   A        B        C        D        E       F      G
               +--------+--------+--------+--------+--------+-----+--------+
         Total |   8183 |   7788 |    395 |   3699 |   3529 |   5 | 1636.6 |
       Dungeon |   8183 |   7788 |    395 |   3699 |   3529 |   5 | 1636.6 |
               +--------+--------+--------+--------+--------+-----+--------+

Top non-repeatable levels by time:
     D:4: 2061 daAuts
     D:2: 1922 daAuts
     D:5: 1810 daAuts
     D:3: 1222 daAuts
     D:1: 1165 daAuts
